 Dungeon Crawl Stone Soup version 0.30-a0-643-g638baaf3f0 (webtiles) character file.

Game seed: 7641056685639415608

133 Absynth the Poker (level 5, -4/41 HPs)
             Began as a Merfolk Gladiator on Jan 16, 2023.
             Slain by a mummy (15 damage)
             ... in an ossuary.
             The game lasted 00:07:40 (2283 turns).

Absynth the Poker (Merfolk Gladiator)               Turns: 2283, Time: 00:07:41

Health: -4/41      AC:  5    Str: 14    XL:     5   Next: 16%
Magic:  5/5        EV: 14    Int:  9    God:
Gold:   145        SH:  0    Dex: 16    Spells: 4/4 levels left

rFire   . . .      SeeInvis .    a - +1 trident
rCold   . . .      Faith    .    (no shield)
rNeg    . . .      Spirit   .    b - +0 leather armour
rPois   .          Reflect  .    c - +0 helmet
rElec   .          Harm     .    (no cloak)
rCorr   .          Rampage  .    (no gloves)
Will    .....                    o - +0 pair of boots
Stlth   +                        (no amulet)
HPRegen 0.26/turn                g - ring of flight
MPRegen 0.09/turn                (no ring)

@: flying
A: (nimble swimmer 2), mertail
a: no special abilities


You were in an ossuary.
You visited 1 branch of the dungeon, and saw 4 of its levels.
You also visited: Ossuary.

You collected 145 gold pieces.

Inventory:

Hand Weapons
 a - a +1 trident (weapon)
Missiles
 d - 3 throwing nets (quivered)
 e - a javelin
Armour
 b - a +0 leather armour (worn)
 c - a +0 helmet (worn)
 o - a +0 pair of boots (worn)
Jewellery
 g - a ring of flight (left hand)
Scrolls
 i - a scroll of identify
 v - a scroll of silence
Potions
 h - a potion of berserk rage {unknown}
 j - a potion of brilliance {unknown}
 k - a potion of magic {unknown}
 m - a potion of flight {unknown}
 n - a potion of haste {unknown}
 p - a potion of ambrosia {unknown}
 s - 2 potions of curing {unknown}
 z - a potion of resistance {unknown}


   Skills:
 + Level 3.3 Fighting
 * Level 6.0 Polearms
 - Level 2.0 Throwing
 + Level 5.1 Dodging


You had 4 spell levels left.
You didn't know any spells.
Your spell library contained the following spells:

 Spells                   Type           Power      Damage    Failure   Level
 Gell's Gravitas          Tloc           0%         N/A       83%         3
 Ignite Poison            Fire/Tmut/Pois 0%         N/A       83%         3
 Kindle Blastsparks       Fire/Tloc/Air  0%         2d10      83%         3
 Teleport Other           Tloc           0%         N/A       83%         3
 Freezing Cloud           Conj/Ice/Air   0%         6-21      100%        5
 Dispersal                Tloc           0%         N/A       100%        6


Dungeon Overview and Level Annotations

Branches:
Dungeon (4/15)            Ossuary (1/1)
 Temple: D:4-7

Altars:


Innate Abilities, Weirdness & Mutations

((You are very nimble when in or above water. (Stealth+, EV+, Speed+++)))
Your lower body shifts to a powerful aquatic tail in water.


Message History

You barely miss the hobgoblin zombie.
The hobgoblin zombie is almost destroyed.
You hit the hobgoblin zombie.
You destroy the hobgoblin zombie!
Your Polearms skill increases to level 6!
You reach to attack!
You hit the mummy.
The mummy is lightly damaged.
You reach to attack!
You hit the mummy.
The mummy is moderately damaged.
You hit the mummy.
The mummy is moderately damaged.
The mummy hits you! x2
You are too injured to fight recklessly!
You feel much better.
You hit the mummy.
The mummy is heavily damaged.
The mummy misses you. The mummy closely misses you.
You hit the mummy.
The mummy is almost destroyed.
You hit the mummy.
The mummy is almost destroyed.
The mummy hits you. x2
You hit the mummy but do no damage.
The mummy is almost destroyed.
The mummy completely misses you. The mummy hits you!
You hit the mummy.
The mummy is almost destroyed.
You hit the mummy.
You destroy the mummy!
The mummy hits you!
* * * LOW HITPOINT WARNING * * *
You puncture the mummy!
The mummy is moderately damaged.
You hit the mummy.
The mummy is moderately damaged.
The mummy completely misses you.
You puncture the mummy!
The mummy is severely damaged.
The mummy hits you!
You die...

........#
......#
#....#
#....#
#....#
#....#
#....#
#.M..#
#@...#
#....#
#.∩∩.#
######


You could see a mummy.

Vanquished Creatures
  3 mummies (Ossuary)
  An adder (D:2)
  4 gnolls (D:3)
  A dart slug (D:3)
  3 bats
  5 endoplasms
  A giant cockroach (D:3)
  2 gnoll zombies (Ossuary)
  2 hobgoblins
  5 kobolds
  2 quokkas
  4 ball pythons
  A frilled lizard (D:1)
  4 goblins (D:1)
  2 hobgoblin zombies (Ossuary)
  A kobold zombie (Ossuary)
  3 orc zombies (Ossuary)
  6 rats
50 creatures vanquished.

Notes
Turn   | Place    | Note
-------+----------+-------------------------------------------
     0 | D:1      | Absynth the Merfolk Gladiator began the quest for the Orb.
     0 | D:1      | Reached XP level 1. HP: 16/16 MP: 1/1
    90 | D:1      | Reached XP level 2. HP: 21/23 MP: 2/2
   325 | D:1      | Found a faded altar of an unknown god.
   765 | D:2      | Reached XP level 3. HP: 27/28 MP: 3/3
   973 | D:3      | Reached skill level 5 in Polearms
  1455 | D:3      | Reached XP level 4. HP: 35/35 MP: 4/4
  2128 | D:4      | Found a sand-covered staircase.
  2133 | Ossuary  | Entered an ossuary
  2169 | Ossuary  | Reached skill level 5 in Dodging
  2169 | Ossuary  | Reached XP level 5. HP: 18/41 MP: 5/5
  2271 | Ossuary  | Reached skill level 6 in Polearms
  2283 | Ossuary  | Slain by a mummy

Illustrated notes

Levels and vault maps discovered:
D:1:      amcnicky_arrival_underground_garden, layout_basic,
          shapermc_ecumenical_altar_pompeii, minmay_misc_feat_secret_circle
D:2:      layout_basic, serial_bayou_pond_d, minivault_14
D:3:      layout_loops_ring
D:4:      layout_loops_corners, nicolae_overflow_crystal_walls,
          nicolae_ossuary_entry_false_entrances, uniq_ijyb, uniq_robin,
          uniq_blork_the_orc, uniq_natasha
Ossuary:  ossuary_tomb_3

Skill      XL: |  1  2  3  4  5 |
---------------+----------------+-----
Polearms       | 5 6 |  6.0
Fighting       | 3 |  3.3
Dodging        | 5 |  5.1
Throwing       | |  2.0

Action                   |  1- 3 |  4- 6 || total
-------------------------+-------+-------++-------
Melee: Trident           |    99 |    65 ||   164
       Punch             |     1 |       ||     1
  Use: Scroll            |       |     8 ||     8
       Potion            |       |     2 ||     2
 Stab: Sleeping          |     4 |     1 ||     5
Armor: Leather armour    |    21 |     9 ||    30
Dodge: Dodged            |    45 |    33 ||    78

Table legend: (Time is in decaauts)
 A = Elapsed time spent in this place.
 B = Non-inter-level travel time spent in this place.
 C = Inter-level travel time spent in this place.
 D = Time resting spent in this place.
 E = Time spent auto-exploring this place.
 F = Levels seen in this place.
 G = Mean time per level.
                   A        B        C        D        E       F      G
               +--------+--------+--------+--------+--------+-----+--------+
         Total |   2286 |   2181 |    105 |    359 |   1277 |   5 |  457.2 |
       Dungeon |   2136 |   2031 |    105 |    283 |   1277 |   4 |  534.0 |
       Ossuary |    149 |    149 |      0 |     76 |      0 |   1 |  149.0 |
               +--------+--------+--------+--------+--------+-----+--------+

Top non-repeatable levels by time:
     D:3: 1079 daAuts
     D:1: 516 daAuts
     D:2: 497 daAuts
 Ossuary: 149 daAuts
     D:4: 42 daAuts
